 Dungeon Crawl Stone Soup version 0.30-a0-374-g95c0257040 (webtiles) character file.

Game seed: 14617089902894312416

21574 Lobster4 the Fighter (level 12, -1/106 HPs)
             Began as a Hill Orc Summoner on Nov 26, 2022.
             Was an Elder of Sif Muna.
             Slain by an orc warlord
             ... wielding a +0 great mace
              (25 damage)
             ... on level 9 of the Dungeon.
             The game lasted 01:25:40 (18347 turns).

Lobster4 the Fighter (Hill Orc Summoner)           Turns: 18347, Time: 01:25:41

Health: -1/106     AC: 17    Str: 14    XL:     12   Next: 91%
Magic:  0/28       EV: 12    Int: 23    God:    Sif Muna [****..]
Gold:   1199       SH:  5    Dex: 11    Spells: 4/17 levels left

rFire   . . .      SeeInvis .    a - +2 hand axe (vorpal)
rCold   + . .      Faith    .    O - +0 buckler
rNeg    . . .      Spirit   .    V - +0 troll leather armour
rPois   .          Reflect  .    P - +2 helmet of Zosaf {Rampage rC+ MP+9}
rElec   .          Harm     .    f - +1 cloak {rCorr}
rCorr   +          Rampage  +    m - +1 pair of gloves
Will    .....                    (no boots)
Stlth   ++........               (no amulet)
HPRegen 1.17/turn                j - +4 ring of protection
MPRegen 0.21/turn                N - +6 ring of intelligence

@: no status effects
A: no striking features
a: Renounce Religion, Channel Magic, Forget Spell, Divine Exegesis


You were on level 9 of the Dungeon.
You worshipped Sif Muna.
Sif Muna was greatly pleased with you.
You visited 2 branches of the dungeon, and saw 14 of its levels.
You also visited: Sewer and Bailey.

You collected 1405 gold pieces.
You spent 206 gold pieces at shops.

Inventory:

Hand Weapons
 a - a +2 vorpal hand axe (weapon)
 b - a +0 sling
 g - a +4 whip of flaming
 o - a +2 flail of protection
 x - a +0 broad axe of draining
 Q - the +7 rapier of Xuanaluf {protect, Will- Dex+5}
   (You found it on level 9 of the Dungeon)

   It grants its wielder temporary protection when it strikes (+7 to AC).
   Dex:       It affects your dexterity (+5).
   Will:      It decreases your willpower.
Missiles
 d - 9 boomerangs (quivered)
 i - 6 atropa-tipped darts
 y - 14 poisoned darts
 G - 5 curare-tipped darts
 U - 5 javelins
Armour
 c - +0 acid dragon scales
 f - a +1 cloak of preservation (worn)
 m - a +1 pair of gloves (worn)
 t - the +1 ring mail of the Volcano {Rampage *Corrode rElec Regen+}
   (You found it on level 12 of the Dungeon)

   rElec:     It insulates you from electricity.
   Regen:     It increases your rate of health regeneration.
   *Corrode:  It may corrode you when you take damage.
   Rampage:   It bestows one free step when moving towards enemies.
 v - a +3 ring mail
 K - a +0 kite shield
 O - a +0 buckler (worn)
 P - the +2 helmet of Zosaf (worn) {Rampage rC+ MP+9}
   (You found it on level 8 of the Dungeon)

   rC:        It protects you from cold.
   MP:        It affects your magic capacity (+9).
   Rampage:   It bestows one free step when moving towards enemies.
 V - a +0 troll leather armour (worn)
Magical Staves
 k - a staff of air
 C - a staff of fire
Jewellery
 j - a +4 ring of protection (left hand)
 E - a ring of protection from cold
 N - a +6 ring of intelligence (right hand)
Wands
 z - a wand of roots (5)
 J - a wand of paralysis (10)
 M - a wand of quicksilver (6)
Scrolls
 h - 2 scrolls of identify
 s - a scroll of silence
 u - 4 scrolls of butterflies
 B - 5 scrolls of teleportation
 F - 3 scrolls of magic mapping
 H - a scroll of immolation
 L - a scroll of fear
 S - a scroll of enchant weapon
Potions
 e - 3 potions of curing
 l - 2 potions of berserk rage
 n - 3 potions of brilliance
 p - a potion of magic
 q - 2 potions of flight
 r - 2 potions of might
 w - a potion of cancellation
 A - a potion of haste
 D - a potion of mutation
 I - 5 potions of invisibility
 R - a potion of resistance
 T - a potion of ambrosia


   Skills:
 + Level 10.1 Fighting
 + Level 10.0 Axes
 - Level 1.0 Ranged Weapons
 - Level 1.0 Throwing
 + Level 8.9 Armour
 + Level 3.2 Dodging
 - Level 2.0 Stealth
 + Level 6.2 Shields
 - Level 3.0 Spellcasting
 - Level 3.0 Hexes
 + Level 9.7 Summonings
 - Level 4.0 Air Magic
 + Level 3.1 Earth Magic
 - Level 10.0 Invocations
 - Level 3.0 Evocations


You had 4 spell levels left.
You knew the following spells:

 Your Spells              Type           Power      Damage    Failure   Level
a - Summon Small Mammal   Summ           100%       N/A       1%          1
b - Call Imp              Summ           48%        N/A       1%          2
c - Call Canine Familiar  Summ           48%        N/A       1%          3
d - Animate Armour        Summ/Erth      66%        N/A       12%         4
e - Summon Guardian Gole  Hex/Summ       32%        N/A       3%          3

Your spell library contained the following spells:

 Spells                   Type           Power      Damage    Failure   Level
 Summon Lightning Spire   Summ/Air       35%        N/A       11%         4
 Beastly Appendage        Tmut           6%         N/A       17%         1
 Freeze                   Ice            12%        1d3       17%         1
 Magic Dart               Conj           12%        1d3       17%         1
 Sting                    Tmut/Pois      12%        1d3       17%         1
 Sublimation of Blood     Necr           3%         N/A       26%         2
 Wereblood                Tmut           3%         N/A       26%         2
 Kindle Blastsparks       Fire/Tloc/Air  18%        2d11      30%         3
 Mephitic Cloud           Conj/Pois/Air  9%         N/A       30%         3
 Airstrike                Air            10%        2d(2-18)  32%         4
 Frozen Ramparts          Ice            6%         1d1       45%         3
 Gell's Gravitas          Tloc           3%         N/A       45%         3
 Hailstorm                Conj/Ice       3%         3d3       45%         3
 Spider Form              Tmut/Pois      3%         N/A       45%         3
 Teleport Other           Tloc           3%         N/A       45%         3
 Cause Fear               Hex            8%         N/A       45%         4
 Fulminant Prism          Conj/Hex       5%         3d7       67%         4
 Flame Wave               Conj/Fire      3%         2d5       86%         4
 Iskenderun's Mystic Bla  Conj/Tloc      3%         2d3       86%         4
 Summon Mana Viper        Hex/Summ       32%        N/A       34%         5
 Summon Forest            Summ/Tloc      12%        N/A       54%         5
 Lee's Rapid Deconstruct  Erth           9%         3d7*      78%         5
 Lightning Bolt           Conj/Air       6%         1d18      91%         5
 Summon Hydra             Summ           24%        N/A       95%         7
 Fireball                 Conj/Fire      1%         3d3       99%         5
 Dispersal                Tloc           1%         N/A       100%        6
 Starburst                Conj/Fire      1%         6d3       100%        6
 Dragon Form              Tmut           1%         N/A       100%        7
 Ignition                 Fire           1%         3d3       100%        8
 Dragon's Call            Summ           24%        N/A       100%        9


Dungeon Overview and Level Annotations

Branches:
Dungeon (13/15)            Temple (0/1) D:4            Lair (0/5) D:8
    Orc (1/2) D:9           Sewer (visited)          Bailey (visited)
 Vaults: D:13-14

Altars:
Ashenzari
Cheibriados
Gozag
Hepliaklqana
Kikubaaqudgha
Makhleb
Nemelex Xobeh
Okawaru
Qazlal
Ru
Sif Muna
Trog
Wu Jian
Yredelemnul

Shops:
D:1 (*?:   D:3 [

Annotations:
D:2 1 runed translucent door, Crazy Yiuf
D:3 Grinder
D:7 1 exclusion
D:10 2 runed translucent doors, tangygnat's ghost, journeyman TrFi


Message History

The orc warlord hits you with a +0 great mace!
Casting: Summon Guardian Golem (mildly dangerous; 3% risk of failure)
Confirm with . or Enter, or press ? or * to list all spells.
The orc warlord hits you with a +0 great mace!
Unknown command.
Casting: Call Canine Familiar (safe; 1% risk of failure)
Confirm with . or Enter, or press ? or * to list all spells.
A beastly little devil appears in a puff of flame.
Your crimson imp disappears in a puff of smoke!
The orc warlord barely misses you.
Unknown command.
You slash the orc warlord!
The orc warlord is severely wounded.
Your wolf bites the orc warlord.
The orc warlord hits you but does no damage.
Your wolf bites the orc warlord.
You hit the orc warlord.
The orc warlord is severely wounded.
Your wolf barely misses the orc warlord.
The orc warlord hits you with a +0 great mace!
You closely miss the orc warlord.
The orc warlord is severely wounded.
Your wolf bites the orc warlord.
Your crimson imp blinks!
Casting: Call Imp (safe; 1% risk of failure)
Confirm with . or Enter, or press ? or * to list all spells.
Your wolf completely misses the orc warlord.
The orc warlord hits you but does no damage.
Your wolf bites the orc warlord but does no damage.
Unknown command.
You hit the orc warlord but do no damage.
The orc warlord is severely wounded.
Your wolf bites the orc warlord.
The orc warlord hits you with a +0 great mace!
* * * LOW HITPOINT WARNING * * *
Your wolf closely misses the orc warlord.
You hit the orc warlord.
The orc warlord is almost dead.
The orc warlord hits you with a +0 great mace!!
You die...

#..........(.....#
#.####..........[##### #.#
#.........~[....# #.#
#5........~...[.# #.#
#........~~.....# #.#
#......~≈~......#
#.######....~≈~~.....#
#####...[..h....~~≈~.....#
#.........@o9)..~~...§§..##
#.####...<#.#...........o).
#.#.......#..........§§.°≈≈
#.#.##..#5######....##+§≈≈≈
#.#.##..#.# ####....§≈≈_
#.#.###.#.###########..§§≈.
#.#..............# #...≈≈.
#.######.........# #...≈§.
#................# ##..≈..


You could see an orc warlord (ally target), a friendly guardian golem (summoned,
inner flame), a friendly animated troll leather armour (summoned, sheltered), a
friendly wolf (summoned, sheltered) and a friendly crimson imp (summoned,
sheltered).

Vanquished Creatures
  Erica (D:10)
  A cyclops (D:11)
  A gargoyle (D:11)
  2 komodo dragons
  A troll (D:9)
  2 slime creatures (D:12)
  4 spriggans (Bailey)
  2 wraiths (D:12)
  5 yaks
  A steam dragon (D:8)
  6 vampire mosquitoes
  A water moccasin (D:8)
  8 orc warriors
  Duvessa (D:4)
  A black bear (D:5)
  2 ogres
  10 centaurs
  A kobold brigand (Sewer)
  A phantom (D:6)
  Blork the orc (D:7)
  3 bullfrogs
  2 necrophages
  A scorpion (D:5)
  A gnoll sergeant (D:7)
  4 wights
  Dowan (D:4)
  3 killer bees
  3 howler monkeys (D:8)
  6 orc priests
  2 hounds
  Terence (D:3)
  An iguana (D:4)
  Ijyb (D:3)
  9 orc wizards
  4 adders
  A white imp (D:5)
  2 ufetubi
  A dart slug (D:10)
  21 orcs
  4 ball pythons
  3 bats
  5 endoplasms
  3 hobgoblins
  2 quokkas (D:5)
  A frilled lizard (D:3)
  5 goblins
  2 kobolds (D:9)
  7 rats
151 creatures vanquished.

Vanquished Creatures (collateral kills)
  3 two-headed ogres
  A boulder beetle (D:12)
  An orc knight (D:12)
  3 manticores (D:12)
  A cyclops (D:12)
  6 slime creatures (D:12)
  Maurice (D:8)
  An unseen horror (D:11)
  A kobold demonologist (D:12)
  2 trolls
  Sigmund (D:3)
  2 shadows
  2 spriggans (Bailey)
  A yak (D:9)
  2 wyverns
  2 vampires
  2 steam dragons
  2 vampire mosquitoes
  Menkaure (D:5)
  2 acid dragons
  A water moccasin (D:6)
  An orc warrior (D:8)
  2 sky beasts
  5 centaurs
  A kobold brigand (Sewer)
  A bullfrog (D:7)
  A scorpion (D:5)
  A wight (D:9)
  3 killer bees
  A howler monkey (D:11)
  3 hounds
  An orc priest (D:10)
  3 jellies
  Jessica (D:2)
  3 iguanas
  8 orc wizards
  Robin (D:2)
  3 gnolls (D:5)
  2 adders (D:4)
  2 river rats
  A shadow imp (D:5)
  A white imp (D:5)
  37 orcs
  2 ball pythons
  6 endoplasms
  A giant cockroach (D:1)
  11 goblins
  4 hobgoblins
  A quokka (D:1)
  4 bats (D:1)
  3 frilled lizards
  10 kobolds
  6 rats
168 creatures vanquished.

Vanquished Creatures (others)
  A troll (D:10)
  6 yaks
  2 vampire mosquitoes (D:10)
  2 orc warriors (D:9)
  A kobold brigand (D:9)
  2 wights (D:9)
  2 orcs (D:9)
  A kobold (D:9)
  6 plants
23 creatures vanquished.

Grand Total: 342 creatures vanquished

Notes
Turn   | Place    | Note
-------+----------+-------------------------------------------
     0 | D:1      | Lobster4 the Hill Orc Summoner began the quest for the Orb.
     0 | D:1      | Reached XP level 1. HP: 14/14 MP: 3/3
   124 | D:1      | Found Nel Side's Book Shop.
   126 | D:1      | Reached XP level 2. HP: 22/22 MP: 1/4
   224 | D:1      | Found Nuemal's Magic Scroll Shoppe.
   353 | D:1      | Learned a level 2 spell: Call Imp
   564 | D:1      | Found Imaleyr's Weapon Shoppe.
   630 | D:1      | Found Ituohig's General Store.
   772 | D:1      | Reached XP level 3. HP: 26/27 MP: 3/5
   850 | D:1      | Found a faded altar of an unknown god.
   853 | D:1      | Got Plato's Anthology of the Black Widow
   951 | D:2      | Noticed Jessica
   957 | D:2      | Reached skill level 1 in Fighting
   958 | D:2      | Killed Jessica
   959 | D:2      | Reached skill level 1 in Armour
  1108 | D:2      | Noticed Robin
  1113 | D:2      | Reached XP level 4. HP: 35/35 MP: 2/7
  1126 | D:2      | Killed Robin
  1648 | D:1      | Bought a +0 broad axe of draining for 92 gold pieces
  1648 | D:1      | Identified a scroll of acquirement
  1883 | D:2      | Found a shimmering blue altar of Sif Muna.
  2036 | D:2      | Found a runed translucent door.
  2037 | D:2      | Noticed Crazy Yiuf
  2229 | D:2      | Became a worshipper of Sif Muna the Loreminder
  2356 | D:3      | Noticed Grinder
  2452 | D:3      | Reached skill level 1 in Evocations
  2452 | D:3      | Reached XP level 5. HP: 35/41 MP: 3/8
  2467 | D:3      | Noticed Ijyb
  2478 | D:3      | Killed Ijyb
  2479 | D:3      | Reached skill level 1 in Throwing
  2501 | D:3      | Reached skill level 1 in Axes
  2581 | D:3      | Found a glowing drain.
  2621 | Sewer    | Entered a sewer
  2796 | Sewer    | Noticed a kobold brigand
  2827 | Sewer    | Killed a kobold brigand
  2828 | Sewer    | Reached skill level 1 in Ranged Weapons
  2828 | Sewer    | Reached skill level 1 in Invocations
  2828 | Sewer    | Reached XP level 6. HP: 45/48 MP: 1/9
  2938 | Sewer    | Learned a level 3 spell: Call Canine Familiar
  2965 | Sewer    | Reached * piety under Sif Muna
  3236 | D:3      | Noticed Sigmund
  3237 | D:3      | Noticed Terence
  3369 | D:3      | Killed Sigmund
  3370 | D:3      | Reached skill level 5 in Summonings
  3370 | D:3      | Reached XP level 7. HP: 56/56 MP: 5/10
  3456 | D:3      | Killed Terence
  3686 | D:3      | Found a burning altar of Makhleb.
  3688 | D:3      | Noticed a cacodemon
  3706 | D:3      | Found Moinn's Antique Armour Shop.
  4335 | D:4      | Noticed Dowan
  4851 | D:4      | Found a staircase to the Ecumenical Temple.
  5097 | D:4      | Reached XP level 8. HP: 56/63 MP: 7/12
  5294 | D:4      | Noticed Duvessa
  5310 | D:4      | Killed Duvessa
  5317 | D:4      | Killed Dowan
  5802 | D:5      | Entered Level 5 of the Dungeon
  6120 | D:5      | Reached ** piety under Sif Muna
  6493 | D:5      | Noticed Menkaure
  6500 | D:5      | Killed Menkaure
  6501 | D:5      | Reached skill level 5 in Fighting
  6501 | D:5      | Reached skill level 5 in Invocations
  6501 | D:5      | Reached XP level 9. HP: 74/74 MP: 5/13
  6610 | D:5      | Reached skill level 5 in Axes
  6731 | D:5      | Learned a level 3 spell: Summon Guardian Golem
  6749 | D:5      | Found a stormy altar of Qazlal.
  7370 | D:1      | Bought a scroll of summoning for 114 gold pieces
  7814 | D:6      | Reached skill level 1 in Hexes
  7822 | D:6      | Reached skill level 5 in Armour
  9439 | D:7      | Noticed Blork the orc
  9455 | D:7      | Killed Blork the orc
  9466 | D:7      | Reached skill level 1 in Shields
  9466 | D:7      | Reached XP level 10. HP: 27/83 MP: 11/14
  9476 | D:7      | Reached *** piety under Sif Muna
 10117 | D:8      | Found a flagged portal.
 10176 | Bailey   | Entered a bailey
 10248 | Bailey   | HP: 1/84 [spriggan/+0 trident (6)]
 10513 | Bailey   | Identified the +11 quarterstaff "Murmur" {flame, Fragile
                  | Int+4 SInv Stlth+}
 10646 | Bailey   | Noticed a two-headed ogre
 10925 | Bailey   | Killed a two-headed ogre
 11016 | Bailey   | Acquired 632 gold pieces
 11018 | Bailey   | Acquired a +1 cloak of preservation
 11168 | D:8      | Found a sparkling altar of Nemelex Xobeh.
 11324 | D:8      | Found a staircase to the Lair.
 11677 | D:8      | Noticed Maurice
 11718 | D:8      | Killed Maurice
 12009 | D:8      | Identified the +2 helmet of Zosaf {Rampage rC+ MP+9}
 12246 | D:8      | Reached skill level 1 in Air Magic
 12246 | D:8      | Reached XP level 11. HP: 83/92 MP: 16/17
 12357 | D:8      | Found a sacrificial altar of Ru.
 12385 | D:8      | Found a bloodstained altar of Trog.
 12387 | D:8      | Found an opulent altar of Gozag.
 12387 | D:8      | Found an iron altar of Okawaru.
 12387 | D:8      | Found an ancient bone altar of Kikubaaqudgha.
 12388 | D:8      | Found an ornate altar of the Wu Jian Council.
 12389 | D:8      | Found a basalt altar of Yredelemnul.
 12391 | D:8      | Found a broken altar of Ashenzari.
 12727 | D:9      | Found a staircase to the Orcish Mines.
 12842 | D:9      | Noticed a two-headed ogre
 12859 | D:9      | Killed a two-headed ogre
 12859 | D:9      | Reached **** piety under Sif Muna
 13605 | D:9      | Found a hazy altar of Hepliaklqana.
 13665 | D:9      | Identified the +7 rapier of Xuanaluf {protect, Will- Dex+5}
 13910 | D:10     | Entered Level 10 of the Dungeon
 13961 | D:10     | Found a snail-covered altar of Cheibriados.
 13983 | D:10     | Noticed tangygnat's ghost (journeyman TrFi)
 13983 | D:10     | Noticed a skeletal warrior
 13984 | D:10     | Noticed a lich
 13985 | D:10     | Noticed a tengu warrior
 14155 | D:10     | Found a runed translucent door.
 14268 | D:10     | Found a runed translucent door.
 14275 | D:10     | Noticed a necromancer
 14277 | D:10     | a jumping spider changed into an entropy weaver
 14277 | D:10     | Noticed an entropy weaver (shapeshifter)
 14336 | D:10     | Noticed Erica
 14353 | D:10     | Killed Erica
 14354 | D:10     | Reached skill level 5 in Shields
 15646 | D:10     | Noticed an orb spider
 15650 | D:10     | an orb spider changed into a two-headed ogre
 15650 | D:10     | Noticed a two-headed ogre (shapeshifter)
 15808 | D:11     | Reached ***** piety under Sif Muna
 15914 | D:11     | Reached XP level 12. HP: 104/104 MP: 18/18
 16247 | D:11     | Received a gift from Sif Muna
 16264 | D:11     | Got Sif Muna's Commentary on Generation and Fire {god gift}
 16270 | D:11     | Learned a level 4 spell: Animate Armour
 16492 | D:11     | Noticed a two-headed ogre
 16503 | D:11     | Killed a two-headed ogre
 16867 | D:12     | Reached skill level 1 in Earth Magic
 16992 | D:12     | HP: 3/105 [something (9)]
 17570 | D:12     | Identified the +1 ring mail of the Volcano {Rampage
                  | *Corrode rElec Regen+}
 17580 | D:12     | Noticed a boulder beetle
 17599 | D:12     | Killed a boulder beetle
 17726 | D:12     | Reached skill level 10 in Invocations
 17771 | D:12     | Reached skill level 10 in Fighting
 17879 | D:12     | Reached skill level 10 in Axes
 18240 | Orc:1    | Entered Level 1 of the Orcish Mines
 18240 | Orc:1    | Noticed an orc warlord
 18347 | D:9      | Slain by an orc warlord

Illustrated notes

Levels and vault maps discovered:
D:1:      dpeg_arrival_subterranean_lakeside_camping, layout_rooms,
          serial_shops, nicolae_shop_competitors_out_of_business,
          nicolae_shop_statue_plus, nicolae_shop_bloodbath_and_beyond, shop,
          shapermc_ecumenical_altar_rom_forum, grunt_decor_cap,
          dk_noncrumbling_4, chequers_mini_garden
D:2:      layout_loops_corners, basic_altar, uniq_jessica, uniq_robin,
          uniq_crazy_yiuf_cottage
D:3:      layout_loops_ring, makhleb_altar_promises_db, portal_sewer_entry_a,
          serial_shops, nicolae_shop_window_shopping, uniq_terence,
          uniq_sigmund, uniq_grinder, uniq_ijyb
D:4:      layout_basic, minmay_temple_entry_gardened_gates,
          guppyfry_early_orc_mine, uniq_duvessa
D:5:      layout_loops_ring, nicolae_qazlal_general_emergency, st_stairs_6,
          uniq_menkaure
D:6:      layout_basic
D:7:      layout_cave_pods, chequers_jeans, sword_in_stone
D:8:      layout_loops_corners, mainiacjoe_overflow_24_doors, minitemple,
          lair_entry_dummy, enter_bailey_6, minmay_misc_feat_ornament,
          hangedman_abyss_or_decor_passed, uniq_maurice
D:9:      layout_basic, mainiacjoe_overflow_catwalk, david_orc_2,
          chequers_serial_rivers_small_a
D:10:     layout_loops_ring, kennysheep_slug_shrine,
          muffindrake_ghost_dual_entry, uniq_erica
D:11:     layout_basic
D:12:     layout_irregular_city, hangedman_corner_corridor
D:13:     minmay_smoke_and_mirrors, layout_gridville,
          hangedman_vaults_entry_quadrant_bands, zin_scriptorium
Orc:1:    layout_diamond_mine, basic_altar, nicolae_shop_self_help

Skill      XL: |  1  2  3  4  5  6  7  8  9 10 11 12 |
---------------+-------------------------------------+-----
Fighting       | 1 2 3 5 6 7 9 10 | 10.1
Armour         | 1 2 3 4 5 7 8 |  8.9
Stealth        | 2 |  2.0
Dodging        | 2 3 |  3.2
Spellcasting   | 2 3 |  3.0
Evocations     | 1 2 3 |  3.0
Throwing       | 1 |  1.0
Axes           | 1 2 3 4 6 7 8 10 | 10.0
Ranged Weapons | 1 |  1.0
Invocations    | 1 2 3 5 6 8 10 | 10.0
Summonings     | 5 6 7 8 9 |  9.7
Hexes          | 2 3 |  3.0
Shields        | 1 3 5 6 |  6.2
Air Magic      | 1 3 4 |  4.0
Earth Magic    | 3 |  3.1

Action                   |  1- 3 |  4- 6 |  7- 9 | 10-12 || total
-------------------------+-------+-------+-------+-------++-------
Melee: Dagger            |    21 |       |       |       ||    21
       Unarmed           |     2 |       |       |       ||     2
       Mace              |    15 |     7 |       |       ||    22
       Whip              |       |    44 |    56 |       ||   100
       Hand axe          |       |       |   225 |   597 ||   822
       Punch             |       |       |     2 |       ||     2
Throw: Dart              |       |       |       |    39 ||    39
       Boomerang         |       |       |       |    16 ||    16
 Cast: Summon Small Mamm |    28 |    44 |    95 |   109 ||   276
       Call Imp          |     5 |    23 |    45 |    54 ||   127
       Call Canine Famil |       |       |    43 |    88 ||   131
       Summon Guardian G |       |       |       |    17 ||    17
       Animate Armour    |       |       |       |     4 ||     4
Invok: Channel Magic     |       |       |       |     2 ||     2
Evoke: Wand              |       |     2 |       |    10 ||    12
  Use: Scroll            |       |     4 |    15 |    19 ||    38
       Potion            |       |       |     3 |     9 ||    12
 Stab: Sleeping          |     2 |     2 |       |     1 ||     5
       Paralysed         |       |     2 |       |     1 ||     3
       Distracted        |       |       |     6 |     9 ||    15
       Invisible         |       |       |     3 |     1 ||     4
Armor: Robe              |    12 |    15 |    19 |       ||    46
       Leather armour    |       |       |   124 |   170 ||   294
       Troll leather arm |       |       |       |   235 ||   235
Dodge: Dodged            |    35 |    27 |   208 |   329 ||   599
Block: Buckler           |       |       |       |   133 ||   133

Table legend: (Time is in decaauts)
 A = Elapsed time spent in this place.
 B = Non-inter-level travel time spent in this place.
 C = Inter-level travel time spent in this place.
 D = Time resting spent in this place.
 E = Time spent auto-exploring this place.
 F = Levels seen in this place.
 G = Mean time per level.
                   A        B        C        D        E       F      G
               +--------+--------+--------+--------+--------+-----+--------+
         Total |  18435 |  17398 |   1037 |   2839 |   9876 |  16 | 1152.2 |
       Dungeon |  16922 |  15885 |   1037 |   2271 |   9571 |  13 | 1301.7 |
  Orcish Mines |      1 |      1 |      0 |      0 |      0 |   1 |    1.0 |
         Sewer |    637 |    637 |      0 |    142 |    238 |   1 |  637.0 |
        Bailey |    873 |    873 |      0 |    426 |     67 |   1 |  873.0 |
               +--------+--------+--------+--------+--------+-----+--------+

Top non-repeatable levels by time:
     D:9: 1890 daAuts
     D:4: 1729 daAuts
     D:8: 1660 daAuts
     D:5: 1476 daAuts
    D:10: 1441 daAuts
     D:2: 1431 daAuts
     D:7: 1412 daAuts
    D:12: 1269 daAuts
     D:3: 1249 daAuts
    D:11: 1208 daAuts
     D:6: 1089 daAuts
     D:1: 1045 daAuts
  Bailey: 873 daAuts
   Sewer: 637 daAuts
    D:13: 18 daAuts
